 Dungeon Sprint DCSS version 0.21.2 (webtiles) character file.

4902 Fang the Cleaver (level 10, -2/73 HPs)
             Began as a Gargoyle Berserker on Jan 18, 2019.
             Was the Champion of Trog.
             Killed from afar by a hell hound (10 damage)
             ... with a blast of flame
             ... in the Dungeon (Sprint VII: "The Pits").
             The game lasted 00:03:46 (1299 turns).

Fang the Cleaver (Gargoyle Berserker)               Turns: 1299, Time: 00:03:47

Health: -2/73      AC: 19    Str: 23    XL:     10   Next: 51%
Magic:  10/10      EV: 13    Int:  9    God:    Trog [******]
Gold:   0          SH:  0    Dex:  9    Spells: 9/9 levels left

rFire    . . .     SeeInvis .   r - +1 broad axe (chop)
rCold    . . .     Gourm    .   (no shield)
rNeg     + . .     Faith    .   n - +3 scale mail
rPois    ∞         Spirit   .   (no helmet)
rElec    +         Reflect  .   (no cloak)
rCorr    .         Harm     .   (no gloves)
MR       .....     NoTele   +   (no boots)
Stlth    +.........             (no amulet)
HPRegen  0.22/turn              (no ring)
MPRegen  0.12/turn              (no ring)

@: berserk cooldown, slowed, very slow
A: negative energy resistance 1, electricity resistance, unbreathing,
petrification resistance, rot immunity, AC +7
a: Berserk, Trog's Hand, Brothers in Arms, Burn Spellbooks, Renounce Religion


You were in the Dungeon.
You worshipped Trog.
Trog was exalted by your worship.
You were near starving.

You visited 1 branch

Inventory:

Hand Weapons
 j - a +2 hand axe
 m - a +2 hand axe of freezing
 r - a +1 broad axe of chopping (weapon)
Armour
 b - a +0 animal skin
 n - a +3 scale mail (worn)
Jewellery
 o - a +3 ring of protection
 p - a +3 ring of strength
Scrolls
 i - a scroll of blinking
 k - 3 scrolls of remove curse
 l - a scroll of summoning
Potions
 a - 2 potions of invisibility
 d - 9 potions of curing
 e - 8 potions of heal wounds
 f - 2 potions of haste
 g - 4 potions of magic
 h - 4 potions of berserk rage
 q - a potion of agility
Comestibles
 c - 9 rations
 s - a chunk of flesh


   Skills:
 + Level 13.6 Fighting
 + Level 14.6 Axes
 + Level 11.0 Armour
 + Level 7.9 Dodging
 + Level 2.8 Stealth


You had 9 spell levels left.
You didn't know any spells.

Dungeon Overview and Level Annotations

Branches:
Dungeon (1/1)

Altars:


Innate Abilities, Weirdness & Mutations

You are resistant to torment.
Your stone body is resilient. (AC +7)
You are immune to poison.
You resist negative energy. (rN+)
You are resistant to electric shocks. (rElec)
You can survive without breathing.
You are immune to petrification.
You are immune to rotting.


Message History

You kill the black mamba!
Trog accepts your kill.
Your Armour skill increases to level 11!
You slice the hell hound!!
You kill the hell hound!
Trog accepts your kill.
The hell hound stops to sniff the ground.
The hell hound barely misses you.
A hound comes into view.
Unknown command.
You feel a strong urge to attack something.
You see here a hell hound corpse.
Unknown command.
You are no longer berserk.
You are exhausted.
You feel yourself slow down. The hell hound breathes flames at you.
The blast of flame hits the hell hound.
The hell hound completely resists.
The blast of flame hits you!
You die...

..............#
....#..#......#
..............+
..............+
....#..#......#
..............#
#'#####''###### .....##)'#
######## .....##÷.#
#.))@h.# .....##..#
#..#'#†..h.....
.<...##†.##..##.##.....#..
.....##..##.##...##...##
.....##..####.....##.##
.....##...##).....# ..#
#######....'......+ ..+
#######...##......# h.#
#..[[##..####.....#


You could see 2 hell hounds.

Vanquished Creatures
  A two-headed ogre (D)
  A sea snake (D)
  A flayed ghost (D)
  A manticore (D)
  A black mamba (D)
  A molten gargoyle (D)
  A demonic crawler (D)
  A guardian mummy (D)
  A redback (D)
  A hungry ghost (D)
  4 vampire mosquitoes (D)
  A floating eye (D)
  3 hell hounds (D)
  A sky beast (D)
  4 wolves (D)
  A scorpion (D)
  A wight (D)
  2 crimson imps (D)
  An iron imp (D)
  A worker ant (D)
  2 gnolls (D)
  2 oozes (D)
  2 orcs (D)
  2 ball pythons (D)
  A giant cockroach (D)
  A goblin (D)
  A hobgoblin (D)
  2 jackals (D)
  A kobold (D)
  A quokka (D)
  A ball python skeleton (D)
  A rat (D)
46 creatures vanquished.

Notes
Turn   | Place    | Note
-------+----------+-------------------------------------------
     0 | D        | Fang the Gargoyle Berserker began the quest for the Orb.
     0 | D        | Reached XP level 1. HP: 14/14 MP: 1/1
    23 | D        | Reached skill level 3 in Axes
    67 | D        | Reached ** piety under Trog
    67 | D        | Reached XP level 2. HP: 12/20 MP: 2/2
   218 | D        | Reached skill level 4 in Axes
   370 | D        | Noticed a floating eye
   370 | D        | Noticed a crimson imp
   371 | D        | Paralysed by a floating eye for 2 turns
   376 | D        | Reached skill level 5 in Fighting
   376 | D        | Reached XP level 3. HP: 11/26 MP: 3/3
   378 | D        | Killed a floating eye
   378 | D        | Reached *** piety under Trog
   378 | D        | Reached skill level 6 in Axes
   378 | D        | Reached XP level 4. HP: 13/32 MP: 4/4
   378 | D        | Reached XP level 5. HP: 15/37 MP: 5/5
   566 | D        | Noticed a sky beast
   569 | D        | Reached **** piety under Trog
   571 | D        | Reached skill level 7 in Axes
   574 | D        | Reached XP level 6. HP: 44/44 MP: 6/6
   577 | D        | Killed a sky beast
   577 | D        | Reached ***** piety under Trog
   577 | D        | Reached skill level 8 in Axes
   577 | D        | Reached skill level 5 in Dodging
   751 | D        | Reached skill level 5 in Armour
   753 | D        | Noticed a redback
   760 | D        | Killed a redback
   760 | D        | Reached skill level 9 in Axes
   760 | D        | Reached XP level 7. HP: 50/52 MP: 7/7
   763 | D        | Noticed a hungry ghost
   764 | D        | Received a gift from Trog
   776 | D        | Killed a hungry ghost
   776 | D        | Reached skill level 10 in Fighting
   776 | D        | Reached skill level 1 in Stealth
   850 | D        | Noticed a sea snake
   850 | D        | Noticed a demonic crawler
   861 | D        | Killed a demonic crawler
   861 | D        | Reached skill level 10 in Axes
   861 | D        | Reached XP level 8. HP: 45/59 MP: 8/8
   865 | D        | Killed a sea snake
   865 | D        | Reached skill level 11 in Axes
  1086 | D        | Received a gift from Trog
  1109 | D        | Noticed a guardian mummy
  1109 | D        | Noticed a molten gargoyle
  1109 | D        | Noticed a manticore
  1113 | D        | Reached XP level 9. HP: 65/65 MP: 9/9
  1119 | D        | Killed a molten gargoyle
  1119 | D        | Reached skill level 12 in Axes
  1121 | D        | Killed a guardian mummy
  1124 | D        | Reached ****** piety under Trog
  1125 | D        | Killed a manticore
  1125 | D        | Reached skill level 13 in Axes
  1125 | D        | Reached skill level 10 in Armour
  1263 | D        | Noticed a flayed ghost
  1273 | D        | Noticed a two-headed ogre
  1274 | D        | Killed a flayed ghost
  1274 | D        | Received a gift from Trog
  1274 | D        | Reached XP level 10. HP: 21/72 MP: 10/10
  1283 | D        | Killed a two-headed ogre
  1283 | D        | Reached skill level 14 in Axes
  1287 | D        | Noticed a black mamba
  1289 | D        | Received a gift from Trog
  1296 | D        | Killed a black mamba
  1299 | D        | Killed from afar by a hell hound

Skill      XL: |  1  2  3  4  5  6  7  8  9 10 |
---------------+-------------------------------+-----
Axes           | 3 4 6 7 9 10 11 13 14 | 14.6
Fighting       | 4 5 6 8 9 10 11 12 13 | 13.6
Dodging        | 2 3 4 5 6 7 |  7.9
Armour         | 3 4 5 7 8 10 11 | 11.0
Stealth        | 1 2 |  2.8

Action                   |  1- 3 |  4- 6 |  7- 9 | 10-12 || total
-------------------------+-------+-------+-------+-------++-------
Melee: Hand axe          |    32 |    28 |    25 |       ||    85
       Broad axe         |       |       |    33 |    18 ||    51
Invok: Berserk           |     2 |     1 |     2 |     1 ||     6
  Eat: Chunk             |       |     2 |     5 |       ||     7
Armor: Animal skin       |     7 |     2 |       |       ||     9
       Scale mail        |       |    11 |    33 |     8 ||    52
Dodge: Dodged            |    27 |    13 |    43 |     9 ||    92
